 Dungeon Crawl Stone Soup version 0.30-a0-528-g8c47a4955b (webtiles) character file.

Game seed: 15487615530448225954

42 sanka the Digger (level 3, -2/14 HPs)
             Began as a Felid Earth Elementalist on Dec 23, 2022.
             Slain by a hound (4 damage)
             ... on level 5 of the Dungeon.
             The game lasted 00:02:14 (2126 turns).

sanka the Digger (Felid Earth Elementalist)         Turns: 2126, Time: 00:02:15

Health: -2/14      AC:  1    Str:  4    XL:     3   Next: 33%
Magic:  2/7        EV: 17    Int: 18    God:
Gold:   111        SH:  0    Dex: 16    Spells: 0/6 levels left
                                        Lives:  0   Deaths: 0

rFire   . . .      SeeInvis +    (weapon unavailable)
rCold   . . .      Faith    .    (shield unavailable)
rNeg    . . .      Spirit   .    (body armour unavailable)
rPois   .          Reflect  .    (helmet unavailable)
rElec   .          Harm     .    (cloak unavailable)
rCorr   .          Rampage  .    (gloves unavailable)
Will    .....                    (boots unavailable)
Stlth   ++                       (no amulet)
HPRegen 0.22/turn                (no ring)
MPRegen 0.10/turn                (no ring)

@: quick
A: very small, claws 1, fangs 3, see invisible, speed 1, shaggy fur 1, stealthy
paws, no weapons or thrown items, no armour, multi-lived
a: no special abilities


You were on level 5 of the Dungeon.
You visited 1 branch of the dungeon, and saw 4 of its levels.

You collected 111 gold pieces.


Innate Abilities, Weirdness & Mutations

You have sharp claws.
You have razor-sharp teeth.
You have supernaturally acute eyesight. (SInv)
You cover ground quickly. (Speed+)
You are covered in fur. (AC +1)
Your paws help you pounce on unaware monsters.
You are incapable of wielding weapons or throwing items.
You cannot wear armour.
You gain extra lives every three experience levels.


   Skills:
 - Level 2.6 Dodging
 - Level 2.6 Stealth
 - Level 2.0 Spellcasting
 - Level 1.1 Transmutations
 + Level 4.0 Earth Magic


You couldn't memorise any spells.
You knew the following spells:

 Your Spells              Type           Power      Damage    Failure   Level
x - Stone Arrow           Conj/Erth      18%        3d8       24%         3
z - Sandblast             Erth           32%        2d9       3%          1
N - Passwall              Tmut/Erth      9%         N/A       10%         2

Your spell library contained the following spells:

 Spells                   Type           Power      Damage    Failure   Level
 Petrify                  Tmut/Erth      11%        N/A       52%         4

Inventory:

Scrolls
 b - a scroll of poison {unknown}
 c - a scroll of silence {unknown}
 d - a scroll of brand weapon {unknown}
 f - 3 scrolls of noise {unknown}
 g - 4 scrolls of identify {unknown}
 h - 3 scrolls of teleportation {unknown}
 j - 2 scrolls of magic mapping {unknown}
 l - a scroll of amnesia {unknown}
 m - a scroll of blinking {unknown}
Potions
 a - a potion of magic
 e - a potion of mutation {unknown}
 i - a potion of resistance {unknown}
 k - a potion of flight {unknown}

Dungeon Overview and Level Annotations

Branches:
Dungeon (3/15)

Altars:
Ashenzari

▒.▒.▒ ▒.▒.▒ ▒
▒.▒.▒▒ ▒.▒....
.▒... ... ▒.▒ ▒h▒
▒h▒ ▒o▒ +▒ ▒)▒ ▒.▒
▒.▒ ▒.▒ ▒.▒▒▒▒▒▒
▒▒.▒▒▒▒
▒......▒▒▒▒▒......
▒▒▒.o....▒ ......▒
▒.▒▒.▒.▒▒▒......


You could see a hound and an orc.


Message History

The hound bites you. The hound attacks as you move away! The hound misses you.
The hound closely misses you. The hound attacks as you move away!
The hound closely misses you. The hound attacks as you move away!
The hound bites you. The hound closely misses you.
The blast of sand hits the hound.
The hound is moderately wounded.
The hound misses you. The hound barely misses you.
The blast of sand misses the hound.
The blast of sand hits the orc!
You kill the orc!
The hound bites you.
* * * LOW HITPOINT WARNING * * *
The hound barely misses you.
The blast of sand hits the hound!
The hound is heavily wounded.
The hound misses you. The hound barely misses you. The hound misses you.
The blast of sand hits the hound.
The hound is almost dead.
The hound bites you.
* * * LOW HITPOINT WARNING * * *
The hound bites you.
You die...

Action                   || total
-------------------------++-------
 Cast: Sandblast         ||    50
Armor: Skin              ||     1
Dodge: Dodged            ||    29

Levels and vault maps discovered:
D:1:      onia_arrival_zoo_common, layout_loops_ring,
          shapermc_ecumenical_altar_hornbeckon, serial_bayou,
          serial_bayou_lagoon_a, serial_bayou_pond_d, serial_bayou_shore_a,
          serial_bayou_pond_a, minmay_close_crescents
D:2:      layout_basic, minmay_heptomino_o4
D:3:      due_chaos_kobolds, layout_loops_ring, grunt_temple_overflow_opulence,
          portal_sewer_entry_e
D:5:      layout_loops_corners, mainiacjoe_overflow_tiny_flanked,
          ebering_ghost_sewer_f, guppyfry_early_orc_mine, uniq_eustachio,
          uniq_blork_the_orc

Notes
Turn   | Place    | Note
-------+----------+-------------------------------------------
     0 | D:1      | sanka the Felid Earth Elementalist began the quest for the
                  | Orb.
     0 | D:1      | Reached XP level 1. HP: 7/7 MP: 4/4
     6 | D:1      | Noticed a wolf
     6 | D:1      | Noticed a salamander
     6 | D:1      | Noticed a wyvern
     7 | D:1      | Noticed a polar bear
     7 | D:1      | Noticed a redback
    79 | D:1      | Reached skill level 3 in Earth Magic
   139 | D:1      | Reached XP level 2. HP: 11/11 MP: 4/6
   160 | D:1      | Learned a level 2 spell: Passwall
   685 | D:1      | Found a faded altar of an unknown god.
  1399 | D:2      | Reached XP level 3. HP: 14/14 MP: 5/7
  1705 | D:2      | Reached skill level 4 in Earth Magic
  2080 | D:2      | Learned a level 3 spell: Stone Arrow
  2081 | D:5      | Entered Level 5 of the Dungeon
  2092 | D:5      | Found a broken altar of Ashenzari.
  2126 | D:5      | Slain by a hound

Vanquished Creatures
  A worm (D:2)
  3 dart slugs
  2 orcs (D:5)
  4 bats
  2 endoplasms (D:2)
  4 goblins
  2 hobgoblins (D:1)
  3 kobolds
  A quokka (D:2)
  4 ball pythons
  A frilled lizard (D:2)
  3 rats (D:2)
30 creatures vanquished.
